 Dungeon Crawl Stone Soup version 0.18-a0-1577-gf591c28 (webtiles) character file.

145 Ijustatesigmund the Insei (level 5, -2/34 HPs)
             Began as an Octopode Transmuter on Mar 19, 2016.
             Slain by an iguana (5 damage)
             ... on level 3 of the Dungeon.
             The game lasted 00:07:23 (3435 turns).

Ijustatesigmund the Insei (Octopode Transmuter)     Turns: 3435, Time: 00:07:24

Health: -2/34      AC:  1    Str: 11    XL:     5   Next: 27%
Magic:  6/8        EV: 12    Int: 15    God:
Gold:   96         SH:  0    Dex: 12    Spells: 3 memorised, 2 levels left

rFire  . . .     SeeInvis .       - Unarmed
rCold  . . .     Gourm    .     (no shield)
rNeg   . . .     Faith    .     (helmet restricted)
rPois  .         Spirit   .     (no amulet)
rElec  .         Dismiss  .     (no ring)
rCorr  .         Reflect  .     (no ring)
SustAt .         Harm     .     (no ring)
MR     .....                    (no ring)
Stlth  ++........               (no ring)
                                (no ring)
                                (no ring)
                                (no ring)

@: appendage (expiring), very slightly contaminated, not resistant to hostile
enchantments, unstealthy
A: almost no armour, amphibious, 8 rings, constrict 8, tentacle spike 3,
camouflage 1, gelatinous body 1
a: End Transformation


You were on level 3 of the Dungeon.
You were not hungry.
One of your tentacles had a temporary spike.
You visited 1 branch of the dungeon, and saw 3 of its levels.

You collected 96 gold pieces.

Inventory:

Missiles
 a - 31 arrows
Armour
 o - a +0 shield
Jewellery
 j - an uncursed amulet of guardian spirit {unknown}
Scrolls
 h - a scroll of enchant armour
 k - a scroll of identify
 l - a scroll of blinking
Potions
 e - a potion of invisibility
 f - a potion of cancellation {unknown}
 g - a potion of haste {unknown}
 i - a potion of agility {unknown}
 n - a potion of berserk rage {unknown}
 q - a potion of flight {unknown}
 r - a potion of curing {unknown}
 s - a potion of lignification {unknown}
Books
 b - a book of Changes

   Spells                             Type                      Level
   a - Beastly Appendage              Transmutation                1
   b - Sticks to Snakes               Transmutation                2
   c - Spider Form                    Transmutation/Poison         3
   d - Ice Form                       Ice/Transmutation            4
   e - Blade Hands                    Transmutation                5
Comestibles
 c - 3 bread rations
 d - 3 meat rations
 m - 12 fruits
 p - a chunk of flesh


   Skills:
 + Level 2.2 Fighting
 - Level 2.2 Dodging
 - Level 0.4 Stealth
 + Level 4.4 Unarmed Combat
 - Level 2.1 Spellcasting
 - Level 2.2 Transmutations
 + Level 2.5 Poison Magic


You had 2 spell levels left.
You knew the following spells:

 Your Spells              Type           Power        Failure   Level  Hunger
a - Beastly Appendage     Trmt           #.....       12%         1    #......
b - Sticks to Snakes      Trmt           #.......     14%         2    ###....
c - Spider Form           Trmt/Pois      #.........   30%         3    ###....


Dungeon Overview and Level Annotations

Branches:
Dungeon (3/15)

Altars:
Fedhas
Gozag
Nemelex Xobeh
Okawaru
Qazlal


Innate Abilities, Weirdness & Mutations

You cannot wear most types of armour.
You are amphibious.
You can wear up to eight rings at the same time.
You can use your tentacles to constrict eight enemies at once.
Your skin changes colour to match your surroundings (Stealth).
Your rubbery body absorbs attacks (AC +1).
One of your tentacles bears a large vicious spike.


Message History

You pierce the iguana, but do no damage.
The iguana is moderately wounded.
You constrict the iguana. The iguana bites you!
You tentacle-slap the iguana but do no damage.
The iguana is moderately wounded.
You constrict the iguana. The iguana bites you!
You tentacle-slap the iguana but do no damage.
You squeeze the iguana.
The iguana is heavily wounded.
You constrict the iguana. The iguana bites you!
* * * LOW HITPOINT WARNING * * *
You are too injured to fight recklessly!
You tentacle-slap the iguana but do no damage.
The iguana is heavily wounded.
You constrict the iguana.
You tentacle-slap the iguana but do no damage.
You pierce the iguana.
The iguana is almost dead.
You constrict the iguana. The iguana bites you.
You die...

##.## ## .... ##.. .
#####.. #.# .##.....+#
#.#
#...P.P..##########.#
#.#.._...##.......#.#
#...P.P..##.#.......#
####.#.......#.#.###.###
......l@.......#.# #.#
####.#.###...#.#.###.#
#..........†....#
......###########
.#####.# #. ..# # ####


You could see an iguana.

Vanquished Creatures
  5 adders
  An ooze (D:3)
  4 worms (D:2)
  2 dart slugs
  4 giant geckos
  7 orcs (D:3)
  3 giant cockroaches (D:1)
  6 goblins
  10 hobgoblins
  3 jackals (D:3)
  3 bats
  9 giant newts
  6 kobolds
  7 rats
70 creatures vanquished.

Vanquished Creatures (collateral kills)
  2 giant newts (D:2)
2 creatures vanquished.

Grand Total: 72 creatures vanquished

Notes
Turn   | Place    | Note
--------------------------------------------------------------
     0 | D:1      | Ijustatesigmund the Octopode Transmuter began the quest for the Orb.
     0 | D:1      | Reached XP level 1. HP: 13/13 MP: 3/3
   371 | D:1      | Reached XP level 2. HP: 11/18 MP: 5/5
   375 | D:1      | Learned a level 2 spell: Sticks to Snakes
   757 | D:1      | Reached XP level 3. HP: 17/23 MP: 6/6
   762 | D:1      | Learned a level 3 spell: Spider Form
  1322 | D:2      | Reached skill level 1 in Poison Magic
  1386 | D:2      | Reached skill level 4 in Unarmed Combat
  1458 | D:2      | Found an iron altar of Okawaru.
  1602 | D:2      | Reached XP level 4. HP: 25/28 MP: 4/7
  2036 | D:2      | Found a sparkling altar of Nemelex Xobeh.
  2036 | D:2      | Found an opulent altar of Gozag.
  3151 | D:3      | Found a stormy altar of Qazlal.
  3185 | D:3      | Reached XP level 5. HP: 30/34 MP: 8/8
  3293 | D:3      | Found a faded altar to an unknown god.
  3418 | D:3      | Found a blossoming altar of Fedhas.
  3435 | D:3      | Slain by an iguana

Vault maps used:
D:1:      sevenhm_arrival_forest_fort_large_4, serial_bayou_crossing
D:2:      grunt_temple_overflow_opulence, nicolae_overflow_crystal_walls,
          serial_co_window_serial, co_window_paths_a,
          co_window_of_opportunity_a, co_window_of_opportunity_a,
          co_window_paths_a, co_window_of_opportunity_a,
          co_window_of_opportunity_a, co_window_paths_a, co_window_2corner,
          co_window_unsneaky_path_c, co_window_broadway_c, co_window_sun,
          co_window_paths_d, glass_columns_b, glass_columns_c,
          minmay_lizard_king
D:3:      fedhas_altar_1, first_bread, ecumenical_altar_1, dk_vineyard_2,
          grunt_qazlal_clouds

Skill      XL: |  1  2  3  4  5 |
---------------+----------------+-----
Poison Magic   | 1 2 |  2.5
Unarmed Combat | 4 |  4.4
Fighting       | 2 |  2.2
Dodging        | |  2.2
Stealth        | |  0.4
Spellcasting   | |  2.1
Transmutations | |  2.2

Action                   |  1- 3 |  4- 6 || total
-------------------------+-------+-------++-------
Melee: Unarmed           |    79 |    96 ||   175
 Cast: Beastly Appendage |     5 |     9 ||    14
       Sticks to Snakes  |     2 |       ||     2
  Use: Scroll            |     6 |     2 ||     8
 Stab: Sleeping          |     9 |     6 ||    15
  Eat: Chunk             |     2 |     6 ||     8
